 Dungeon Crawl Stone Soup version 0.21.1-1-g345015f (webtiles) character file.

329 Mesmaeker13 the Skirmisher (level 6, -2/52 HPs)
             Began as a Demigod Wanderer on Mar 20, 2018.
             Killed by divine providence
             ... invoked by an orc priest
              (9 damage)
             ... on level 4 of the Dungeon.
             The game lasted 00:07:02 (3935 turns).

Mesmaeker13 the Skirmisher (Demigod Wanderer)       Turns: 3935, Time: 00:07:03

Health: -2/52      AC: 10    Str: 20    XL:     6   Next: 4%
Magic:  10/10      EV:  8    Int: 19    God:
Gold:   107        SH:  0    Dex: 15    Spells: 5/5 levels left

rFire    + . .     SeeInvis .   w - +1 whip (vamp)
rCold    . . .     Gourm    .   (no shield)
rNeg     . . .     Faith    .   j - +0 chain mail
rPois    .         Spirit   .   (no helmet)
rElec    .         Reflect  .   (no cloak)
rCorr    .         Harm     .   (no gloves)
MR       .....                  k - +0 pair of boots
Stlth    ..........             (no amulet)
HPRegen  0.17/turn              r - ring of protection from fire
MPRegen  0.12/turn              (no ring)

@: no status effects
A: clever 2, high mp 1
a: no special abilities


You were on level 4 of the Dungeon.
You were not hungry.

You visited 1 branch of the dungeon, and saw 4 of its levels.

You collected 107 gold pieces.

Inventory:

Hand Weapons
 a - a +2 quarterstaff
 u - a +0 blowgun
 w - a +1 vampiric whip (weapon)
Missiles
 l - 7 needles of confusion
Armour
 j - a +0 chain mail (worn)
 k - a +0 pair of boots (worn)
Jewellery
 e - an uncursed ring of protection from fire
 r - a ring of protection from fire (left hand)
Wands
 o - a wand of iceblast (6)
Scrolls
 b - a scroll of teleportation {unknown}
 m - a scroll of enchant armour
 n - a scroll of magic mapping {unknown}
 s - 2 scrolls of fog
 v - a scroll of random uselessness {unknown}
Potions
 d - a potion of degeneration {unknown}
 g - 2 potions of curing {unknown}
 i - 2 potions of agility
 q - a potion of heal wounds {unknown}
Books
 c - the Volume of Shape Shifting

   Spells                             Type                      Level
   a - Passwall                       Transmutation/Earth          2
   b - Sticks to Snakes               Transmutation                2
Comestibles
 f - 5 rations
 h - 10 chunks of flesh


   Skills:
 + Level 3.7 Fighting
 + Level 1.9(2.7) Maces & Flails
 - Level 3.0(3.3) Staves
 + Level 3.1 Armour
 - Level 1.0 Dodging
   Level 1.0 Conjurations
   Level 1.7 Transmutations
 - Level 1.7 Evocations


You had 5 spell levels left.
You didn't know any spells.

Dungeon Overview and Level Annotations

Branches:
Dungeon (4/15)
 Temple: D:4-7

Annotations:
D:3 Crelarid's ghost, amateur GnSk


Innate Abilities, Weirdness & Mutations

You have an increased reservoir of magic. (+10% MP)
Your mind is very acute. (Int +4)


Message History

The centaur skeleton barely misses you. x2
An adder and an orc priest come into view.
The adder hisses angrily.
You hit the centaur skeleton.
The centaur skeleton is heavily damaged.
The centaur skeleton hits you but does no damage.
An orc comes into view. It is wielding a flail.
You hit the centaur skeleton but do no damage.
The centaur skeleton is heavily damaged.
The centaur skeleton hits you but does no damage.
You completely miss the orc priest.
The orc priest invokes the aid of Beogh against you.
Beogh smites you!
* * * LOW HITPOINT WARNING * * *
The centaur skeleton closely misses you.
An orc comes into view.
The orc moves out of view.
The orc priest mumbles some strange prayers to Beogh against you.
Beogh smites you!
You die...

.. #..#.#
#.###....####
#.......#..
#.......#
##....).#
##..S.o#.#
#....[o##..
..###.#Z#
.r.. #.#@#
.≈≈≈≈
#.#####.#.#
###≈#
........#.# ≈
#.#.###
#.#....#
..###)..#
...# #.##.#
##.# #...#.#
#. ###.#.#


You could see an orc priest, an adder, an orc and a centaur skeleton.

Vanquished Creatures
  2 orc priests
  An iguana (D:4)
  2 orc wizards (D:4)
  11 adders
  A worm (D:2)
  2 dart slugs
  2 leopard geckos
  12 orcs
  A ball python (D:2)
  4 giant cockroaches
  4 goblins
  8 hobgoblins
  4 jackals (D:1)
  7 kobolds
  4 quokkas
  4 bats
  6 frilled lizards
  5 rats
80 creatures vanquished.

Notes
Turn   | Place    | Note
-------+----------+-------------------------------------------
     0 | D:1      | Mesmaeker13 the Demigod Wanderer began the quest for the Orb.
     0 | D:1      | Mesmaeker13 set off with: a +2 quarterstaff, a +0 short sword, the Volume of Shape Shifting, a +0 robe, a ration
     0 | D:1      | Reached XP level 1. HP: 17/17 MP: 4/4
     1 | D:1      | Identified the Volume of Shape Shifting
   331 | D:1      | Reached XP level 2. HP: 24/24 MP: 5/5
   482 | D:1      | Reached skill level 1 in Armour
  1081 | D:2      | Reached XP level 3. HP: 23/30 MP: 6/6
  1595 | D:2      | Reached XP level 4. HP: 35/37 MP: 7/7
  2097 | D:3      | Found a white marble altar of Elyvilon.
  2467 | D:3      | Noticed Crelarid's ghost (amateur GnSk)
  2794 | D:3      | Gained mutation: Your mind is acute. (Int +2) [potion of mutation]
  2794 | D:3      | Gained mutation: Your mind is very acute. (Int +4) [potion of mutation]
  3431 | D:3      | Reached XP level 5. HP: 45/45 MP: 8/8
  3470 | D:3      | Found an ornate altar of the Wu Jian Council.
  3735 | D:3      | Found a glowing golden altar of the Shining One.
  3787 | D:4      | Reached skill level 1 in Maces & Flails
  3928 | D:4      | Reached XP level 6. HP: 23/52 MP: 10/10
  3935 | D:4      | Killed from afar by an orc priest

Skill      XL: |  1  2  3  4  5 |
---------------+----------------+-----
Fighting       | 2 3 |  3.7
Staves         | 2 3 |  3.0
Armour         | 1 2 3 |  3.1
Maces & Flails | 1 |  1.9
Dodging        | |  1.0
Conjurations   | |  1.0
Transmutations | |  1.7
Evocations     | |  1.7

Action                   |  1- 3 |  4- 6 || total
-------------------------+-------+-------++-------
Melee: Quarterstaff      |    99 |    40 ||   139
       Whip              |       |   180 ||   180
Throw: Throwing net      |       |     1 ||     1
Evoke: Wand              |       |     3 ||     3
  Use: Scroll            |     4 |     2 ||     6
       Potion            |       |     1 ||     1
 Stab: Sleeping          |     1 |       ||     1
       Held in net/web   |       |     1 ||     1
  Eat: Chunk             |     2 |     6 ||     8
       Ration            |       |     2 ||     2
Armor: Robe              |    15 |       ||    15
       Leather armour    |    11 |    16 ||    27
       Chain mail        |       |    82 ||    82
Dodge: Dodged            |    66 |    89 ||   155
